cohdb
Replays
Latest Replays
All Replays
Popular Replays
Top Player Replays
Match Explorer
How It Works
Community
CoH3 Stats
Reddit
Sign in to upload your games and track your stats! →
Sign in with Steam
Match 46288558
Unlisted
Match 46288558
Overview
Messages
Build Orders
End
Vickers Machine Gun Team
Construct Section Command Post
Selects Canadian Shock Battlegroup
Infantry Section
Vickers Machine Gun Team
Infantry Section
Grenade Package
Construct Field Infirmary
Selects Attacking Spirit
Selects Canadian Shock Section
Construct Platoon Command Post
Selects Incendiary Munitions
Unlock Bishop Self-propelled Artillery
Infantry Training
Canadian Shock Section
Bishop Self-propelled Artillery
sewage bill
LITTLE TRICKSTER
Da Cracka Whacka
CROffizier
UhaveNoShame:/
Ali
0
0
Comments
sign in to comment!
No comments posted yet!